 Dungeon Crawl Stone Soup version 0.18.1-50-g88ac8fd (webtiles) character file.

108 GammafunkIsRetarded the Magician (level 4, 0/27 HPs)
             Began as a High Elf Ice Elementalist on June 9, 2018.
             Slain by an orc wizard
             ... wielding a +0 dagger
              (2 damage)
             ... on level 5 of the Dungeon.
             The game lasted 00:05:17 (480 turns).

GammafunkIsRetarded the Magician (HEIE)              Turns: 480, Time: 00:05:18

Health: 0/27       AC:  3    Str:  8    XL:     4   Next: 58%
Magic:  3/11       EV: 12    Int: 19    God:
Gold:   139        SH:  0    Dex: 15    Spells: 1 memorised, 10 levels left

rFire  . . .     SeeInvis .     e - +1 dagger
rCold  . . .     Gourm    +     a - +0 robe
rNeg   . . .     Faith    .     (no shield)
rPois  .         Spirit   .     (no helmet)
rElec  .         Dismiss  .     (no cloak)
rCorr  .         Reflect  .     d - +0 pair of gloves
SustAt .         Harm     .     (no boots)
MR     .....                    g - amulet of the gourmand
Stlth  ++........               (no ring)
                                (no ring)

@: not resistant to hostile enchantments, unstealthy
A: no striking features
a: no special abilities


You were on level 5 of the Dungeon.
You were not hungry.

You visited 1 branch of the dungeon, and saw 5 of its levels.

You collected 139 gold pieces.

Inventory:

Hand Weapons
 e - a +1 dagger (weapon)
Armour
 a - a +0 robe (worn)
 d - a +0 pair of gloves (worn)
Jewellery
 g - an amulet of the gourmand (around neck)
Scrolls
 i - 2 scrolls of identify {unknown}
 j - a scroll of recharging
 k - 2 scrolls of remove curse {unknown}
 l - 3 scrolls of magic mapping {unknown}
 n - a scroll of enchant weapon
 o - a scroll of fear {unknown}
 p - a scroll of teleportation {unknown}
Potions
 h - a potion of lignification {unknown}
 m - 2 potions of heal wounds {unknown}
Books
 b - a book of Frost

   Spells                             Type                      Level
   a - Freeze                         Ice                          1
   b - Throw Frost                    Conjuration/Ice              2
   c - Ozocubu's Armour               Charms/Ice                   3
   d - Throw Icicle                   Conjuration/Ice              4
   e - Summon Ice Beast               Ice/Summoning                4
Comestibles
 c - 3 bread rations
 f - a royal jelly


   Skills:
 - Level 2.1 Dodging
 - Level 2.1 Stealth
 + Level 4.3 Spellcasting
   Level 1.1 Conjurations
 + Level 4.2 Ice Magic


You had 10 spell levels left.
You knew the following spells:

 Your Spells              Type           Power        Failure   Level  Hunger
a - Freeze                Ice            ###.         2%          1    None


Dungeon Overview and Level Annotations

Branches:
Dungeon (5/15)
 Temple: D:4-7

Altars:
Zin


Message History

The iguana bites you!
* * * LOW HITPOINT WARNING * * *
The orc wizard hits you but does no damage.
Casting: Freeze
Confirm with . or Enter, or press ? or * to list all spells.
Aiming: Freeze
Press: ? - help, Shift-Dir - straight line, f/p - iguana
Aim: an iguana (severely wounded, slow)
You freeze the iguana.
The iguana is almost dead.
The orc wizard barely misses you. The iguana closely misses you.
Casting: Freeze
Confirm with . or Enter, or press ? or * to list all spells.
Aiming: Freeze
Press: ? - help, Shift-Dir - straight line, f/p - iguana
Aim: an iguana (almost dead, slow)
You freeze the iguana.
You kill the iguana!
The orc wizard hits you with a dagger.
You die...

o. ##. ..$
#l# #.#
#.###
#...#######
#.#..o....#
#<###†@...#
#.# ##....#
..# #....#
#.## #....#
#. #....#
.. #....#
.# #.####
.. ..# ..#


You could see an orc wizard.

Vanquished Creatures
  A crimson imp (D:5)
  An iguana (D:5)
  3 adders (D:2)
  A dart slug (D:2)
  The ghost of GammafunkIsRetarded the Chiller, a weakling HEIE (D:3)
  A ball python (D:2)
  3 giant cockroaches
  3 goblins (D:2)
  3 hobgoblins
  A bat (D:2)
  A giant newt (D:2)
  2 kobolds (D:1)
  A rat (D:2)
22 creatures vanquished.

Notes
Turn   | Place    | Note
--------------------------------------------------------------
     0 | D:1      | GammafunkIsRetarded the High Elf Ice Elementalist began the quest for the Orb.
     0 | D:1      | Reached XP level 1. HP: 11/11 MP: 4/4
     8 | D:2      | Found a glowing silver altar of Zin.
    56 | D:2      | Reached XP level 2. HP: 8/17 MP: 0/6
   146 | D:2      | Reached XP level 3. HP: 11/21 MP: 2/8
   299 | D:3      | Noticed GammafunkIsRetarded's ghost (weakling HEIE)
   305 | D:3      | Killed GammafunkIsRetarded's ghost
   462 | D:5      | Entered Level 5 of the Dungeon
   468 | D:5      | Reached XP level 4. HP: 26/27 MP: 7/11
   478 | D:5      | HP: 1/27 [iguana (12)]
   480 | D:5      | Slain by an orc wizard

Skill      XL: |  1  2  3 |
---------------+----------+-----
Spellcasting   | 3 4 |  4.3
Ice Magic      | 4 |  4.2
Dodging        | |  2.1
Stealth        | |  2.1
Conjurations   | |  1.1

Action                   |  1- 3 |  4- 6 || total
-------------------------+-------+-------++-------
Melee: Dagger            |     8 |       ||     8
 Cast: Freeze            |    31 |     6 ||    37
  Use: Scroll            |     2 |       ||     2
 Stab: Sleeping          |     2 |       ||     2
Armor: Robe              |    10 |     1 ||    11
Dodge: Dodged            |    10 |     3 ||    13
